 Dungeon Crawl Stone Soup version 0.16.1-28-gcc2312f (webtiles) character file.

112 FlaggTheMystic the Magician (level 4, -3/24 HPs)
             Began as a Deep Elf Air Elementalist on June 4, 2015.
             Slain by a worm (7 damage)
             ... on level 2 of the Dungeon.
             The game lasted 00:17:47 (3014 turns).

FlaggTheMystic the Magician (DEAE)                  Turns: 3014, Time: 00:17:49

Health: -3/24      AC:  3    Str:  5    XL:     4   Next: 64%
Magic:  2/13       EV: 13    Int: 21    God:
Gold:   88         SH:  0    Dex: 15    Spells: 2 memorised, 7 levels left

rFire  . . .     SeeInvis .     (no weapon)
rCold  . . .     Clarity  +     a - +1 robe
rNeg   . . .     SustAb   .     (no shield)
rPois  .         Gourm    .     (no helmet)
rElec  .         Spirit   .     (no cloak)
rCorr  .         Warding  .     (no gloves)
rMut   .         Stasis   +     (no boots)
MR     +....                    i - amulet of stasis
Stlth  ++........               (no ring)
                                (no ring)

@: somewhat resistant to hostile enchantments, unstealthy
A: clarity, low mp 1, magic resistance 1
a: no special abilities


You were on level 2 of the Dungeon.
You were not hungry.

You visited 1 branch of the dungeon, and saw 2 of its levels.

You collected 88 gold pieces.

Inventory:

Hand weapons
 f - a +1 vampiric dagger
 g - a +2 short sword of speed
Armour
 a - a +1 robe (worn)
Jewellery
 h - an uncursed amulet of the gourmand
 i - an amulet of stasis (around neck)
Scrolls
 e - a scroll of remove curse
Books
 b - a book of Air

   Spells                             Type                      Level
   a - Shock                          Conjuration/Air              1
   b - Swiftness                      Charms/Air                   2
   c - Repel Missiles                 Charms/Air                   2
   d - Flight                         Charms/Air                   3
   e - Static Discharge               Conjuration/Air              3
   f - Lightning Bolt                 Conjuration/Air              5
Comestibles
 c - a bread ration
 d - 2 meat rations


   Skills:
 + Level 3.3 Dodging
 + Level 2.9 Stealth
 * Level 4.4 Spellcasting
 + Level 1.9 Conjurations
 * Level 3.8 Air Magic


You had 7 spell levels left.
You knew the following spells:

 Your Spells              Type           Power        Failure   Level  Hunger
a - Shock                 Conj/Air       ###.         3%          1    None
b - Static Discharge      Conj/Air       ###.....     12%         3    ##.....


Dungeon Overview and Level Annotations

Branches:
Dungeon (2/15)

Altars:
Trog


Innate Abilities, Weirdness & Mutations

You possess an exceptional clarity of mind.
Your magical capacity is low (-10% MP).
You are resistant to hostile enchantments.


Message History

The rat barely misses you.
Casting: Shock
Confirm with . or Enter, or press ? or * to list all spells.
Aiming: Shock
Press: ? - help, Shift-Dir - straight line, f/p - worm
Aim: a worm (almost dead, berserk, fast, unusually strong)
The zap hits the rat.
You kill the rat!
The zap hits the worm.
You kill the worm!
The zap hits the rat.
You kill the rat!
Casting: Shock
Confirm with . or Enter, or press ? or * to list all spells.
The worm is struck by lightning.
The worm is lightly wounded.
The lightning arcs!
You are struck by lightning.
* * * LOW HITPOINT WARNING * * *
The lightning grounds out.
The worm bites you!
You die...

.##.# #.# .##.# #.#
.##.# ##### #.#
.##.#####....###.#
...>.##.......##.##
.#####.).......#..#
.# #)...#....##.#
.# ....###...##.#
.####.._.#y#...w@.#
....#....###...####
..### ....#....#
..# )........# ..#
#)......## ###
####....##
######.######
.......# ########


You could see a moth of wrath and a worm (berserk).

Vanquished Creatures
  4 adders (D:2)
  3 worms (D:2)
  An ooze (D:1)
  A ball python (D:2)
  10 bats
  3 giant cockroaches
  4 goblins
  7 hobgoblins (D:1)
  5 jackals
  9 kobolds
  A quokka (D:2)
  4 giant newts
  9 rats
61 creatures vanquished.

Vanquished Creatures (others)
  4 toadstools (D:1)
4 creatures vanquished.

Grand Total: 65 creatures vanquished

Notes
Turn   | Place    | Note
--------------------------------------------------------------
     0 | D:1      | FlaggTheMystic, the Deep Elf Air Elementalist, began the quest for the Orb.
     0 | D:1      | Reached XP level 1. HP: 10/10 MP: 5/5
   238 | D:1      | Reached XP level 2. HP: 15/15 MP: 4/8
  1247 | D:1      | Reached XP level 3. HP: 19/19 MP: 8/11
  1363 | D:2      | Learned a level 3 spell: Static Discharge
  1595 | D:2      | Gained mutation: Your magical capacity is low (-10% MP). [potion of mutation]
  1595 | D:2      | Gained mutation: You are resistant to hostile enchantments. [potion of mutation]
  1595 | D:2      | Gained mutation: You possess an exceptional clarity of mind. [potion of mutation]
  1609 | D:2      | Reached skill level 4 in Spellcasting
  1881 | D:2      | Reached XP level 4. HP: 24/24 MP: 10/13
  2985 | D:2      | Noticed a moth of wrath
  2993 | D:2      | Found a bloodstained altar of Trog.
  3014 | D:2      | Slain by a worm

Action                   |  1- 3 |  4- 6 || total
-------------------------+-------+-------++-------
Melee: Unarmed           |     2 |       ||     2
 Cast: Shock             |    88 |    45 ||   133
       Static Discharge  |     3 |     6 ||     9
  Use: Scroll            |     3 |     1 ||     4
       Potion            |     5 |       ||     5
  Eat: Bread ration      |     1 |     1 ||     2
